 Dungeon Crawl Stone Soup version 0.20.1-1-g8b1a95d (webtiles) character file.

35 homeworkjunkie the Shield-Bearer (level 3, -10/33 HPs)
             Began as a Hill Orc Fighter on Nov 22, 2017.
             Killed by divine providence
             ... invoked by an orc priest
              (16 damage)
             ... on level 3 of the Dungeon.
             The game lasted 00:01:48 (560 turns).

homeworkjunkie the Shield-Bearer (Hill Orc Fighter)  Turns: 560, Time: 00:01:48

Health: -10/33     AC:  7    Str: 19    XL:     3   Next: 33%
Magic:  3/3        EV:  7    Int:  8    God:
Gold:   62         SH:  9    Dex: 10    Spells: 2/2 levels left

rFire    . . .     SeeInvis .   a - +0 war axe
rCold    . . .     Gourm    .   c - +0 shield
rNeg     . . .     Faith    .   b - +1 scale mail
rPois    .         Spirit   .   (helmet restricted)
rElec    .         Reflect  .   (no cloak)
rCorr    .         Harm     +   (no gloves)
MR       .....                  (no boots)
Stlth    ..........             i - amulet of harm
Regen    0.2/turn               (no ring)
MPRegen  0.1/turn               (no ring)

@: no status effects
A: horns 1, evolution 1, subdued magic 1
a: Convert to Beogh


You were on level 3 of the Dungeon.
You were not hungry.

You visited 1 branch of the dungeon, and saw 3 of its levels.

You collected 62 gold pieces.

Inventory:

Hand Weapons
 a - a +0 war axe (weapon)
Armour
 b - a +1 scale mail (worn)
 c - a +0 shield (worn)
Jewellery
 i - an amulet of harm (around neck)
Scrolls
 e - 3 scrolls of identify
Potions
 d - a potion of might
 g - a potion of haste
 h - a potion of berserk rage {unknown}
Comestibles
 f - a bread ration
 j - a royal jelly


   Skills:
 * Level 4.0 Fighting
 * Level 2.9 Axes
 * Level 3.5 Armour
 * Level 4.1 Shields


You had 2 spell levels left.
You didn't know any spells.

Dungeon Overview and Level Annotations

Branches:
Dungeon (3/15)

Altars:
Makhleb
Xom


Innate Abilities, Weirdness & Mutations

You have a pair of small horns on your head.
You evolve.
Your spells are a little easier to cast, but a little less powerful.


Message History

You are too injured to fight recklessly!
You are too injured to fight recklessly!
You are too injured to fight recklessly!
You are too injured to fight recklessly!
You are too injured to fight recklessly!
You are too injured to fight recklessly!
You are too injured to fight recklessly!
You are too injured to fight recklessly!
You are too injured to fight recklessly!
You are too injured to fight recklessly!
You are too injured to fight recklessly!
You are too injured to fight recklessly!
You are too injured to fight recklessly!
You slash the orc wizard! Your headbutt misses the orc wizard.
The orc wizard is heavily wounded.
The orc hits you from afar with a trident.
* * * LOW HITPOINT WARNING * * *
The orc priest mumbles some strange prayers to Beogh against you.
Beogh smites you!
You die...

#......##
#......<#
#......†#
#.......#
#.......#
#.......#
#.......##
##.........
#@####.###
#######+#o##
.#
#.......ooo#
.#
#..........#
#..........#
#..........#
#..........#
+........>.#
#..........#


You could see an orc priest, an orc wizard and 2 orcs.

Vanquished Creatures
  A dart slug (D:1)
  2 orcs (D:3)
  3 bats
  2 giant cockroaches
  5 goblins
  3 hobgoblins
  5 kobolds
  A quokka (D:2)
  2 frilled lizards (D:1)
  4 rats
28 creatures vanquished.

Notes
Turn   | Place    | Note
-------+----------+-------------------------------------------
     0 | D:1      | homeworkjunkie the Hill Orc Fighter began the quest for the Orb.
     0 | D:1      | Reached XP level 1. HP: 19/19 MP: 1/1
    87 | D:1      | Reached XP level 2. HP: 26/27 MP: 2/2
   445 | D:2      | Found a shimmering altar of Xom.
   445 | D:2      | Found a burning altar of Makhleb.
   470 | D:2      | Reached XP level 3. HP: 27/33 MP: 3/3
   520 | D:2      | Gained mutation: You have a pair of small horns on your head. [potion of mutation]
   520 | D:2      | Gained mutation: Your spells are a little easier to cast, but a little less powerful. [potion of mutation]
   520 | D:2      | Gained mutation: You evolve. [potion of mutation]
   560 | D:3      | Killed from afar by an orc priest

Skill      XL: |  1  2  3 |
---------------+----------+-----
Shields        | 4 |  4.1
Fighting       | 4 |  4.0
Axes           | |  2.9
Armour         | |  3.5

Action                   || total
-------------------------++-------
Melee: War axe           ||    75
  Use: Scroll            ||     3
       Potion            ||     3
Armor: Scale mail        ||    34
Dodge: Dodged            ||    31
Block: Shield            ||    45
